TOP OF THE 1ST |
Delmarva Shorebirds batting - Pitching for Hickory Crawdads : LHP Logan Benson
|
Pitching: LHP Logan Benson
|
|
Batting: RHB J.J. Basil
|
0-0: Called Strike 0-1: Called Strike 0-2: Foul Ball, location: 2F 0-2: Ball 1-2: SINGLE (Groundball, 6MD, EV 101.9 MPH)
|
Batting: RHB Jordan Wallace
|
0-0: Ball 1-0: Ball 2-0: Foul Ball, location: 2F 2-1: Foul Ball, location: 2F 2-2: Ball 3-2: SINGLE (Flyball, 56D, EV 92.5 MPH) J.J. Basil to second J.J. Basil to third
|
Batting: RHB Edwin Ramos
|
0-0: Called Strike 0-1: Ball 1-1: Called Strike 1-2: Strikes out swinging
|
Batting: RHB Alex Valencia
|
0-0: Foul Ball, location: 2F 0-1: Ball Wild Pitch! J.J. Basil scores Jordan Wallace to second 1-1: Called Strike 1-2: Ball 2-2: Ball 3-2: Foul Ball, location: 2F 3-2: Foul Ball, location: 2F 3-2: SINGLE (Groundball, 4MD, EV 108.1 MPH) Jordan Wallace to third Runner from 3rd tries for Home, throw by CF and OUT! 8-2 Alex Valencia to second
|
Batting: SHB Eric Tiehen
|
0-0: Ball 1-0: DOUBLE (Line Drive, 7LD, EV 108.8 MPH) Alex Valencia scores
|
Batting: LHB Jose Bethancourt
|
0-0: Called Strike 0-1: Ball 1-1: SINGLE (Groundball, 4MD, EV 107.5 MPH) Eric Tiehen to third Runner from 3rd tries for Home, SAFE, throw by CF to home Jose Bethancourt to second
|
Batting: LHB Eric Jackson
|
0-0: Ball 1-0: Ball 2-0: Foul Ball, location: 2F 2-1: Foul Ball, location: 2F 2-2: Foul Ball, location: 2F 2-2: Foul Ball, location: 2F 2-2: Ball 3-2: Fly out, F5 (Popup, 5F, EV 65.0 MPH)
|
Top of the 1st over - 3 runs, 5 hits, 0 errors, 1 left on base; Delmarva 3 - Hickory 0 |
BOTTOM OF THE 1ST |
Hickory Crawdads batting - Pitching for Delmarva Shorebirds : RHP Matt Talaski
|
Pitching: RHP Matt Talaski
|
|
Batting: RHB Luke Stark
|
0-0: Foul Ball, location: 2F 0-1: Swinging Strike 0-2: Ball 1-2: Ball 2-2: Ball 3-2: Strikes out looking
|
Batting: RHB Tom Beckman
|
0-0: Called Strike 0-1: Ball 1-1: Swinging Strike 1-2: Ball 2-2: Ball 3-2: Base on Balls
|
Batting: LHB Manuel Arguello
|
0-0: SINGLE (Groundball, 3, EV 85.6 MPH) (infield hit) Tom Beckman to second
|
Batting: RHB Bernie Varela
|
0-0: Ball 1-0: Swinging Strike 1-1: Foul Ball, location: 2F 1-2: Ball 2-2: Ball 3-2: Fielders Choice at 2nd, 4-6 (Groundball, 4M, EV 88.8 MPH) Tom Beckman to third
|
Batting: RHB Chris Powell
|
0-0: Ball 1-0: Called Strike 1-1: Called Strike 1-2: Ball 2-2: Fly out, F8 (Flyball, 89D, EV 98.8 MPH)
|
Bottom of the 1st over - 0 runs, 1 hit, 0 errors, 2 left on base; Delmarva 3 - Hickory 0 |
TOP OF THE 2ND |
Delmarva Shorebirds batting - Pitching for Hickory Crawdads : LHP Logan Benson
|
Batting: LHB Shane Free
|
0-0: Called Strike 0-1: Ball 1-1: Called Strike 1-2: Ball 2-2: Fly out, F8 (Flyball, 8LD, EV 101.9 MPH)
|
Batting: SHB Jorge Brito
|
0-0: Ball 1-0: Foul Ball, location: 2F 1-1: Foul Ball, location: 2F 1-2: Foul Ball, location: 2F 1-2: Strikes out swinging
|
Batting: RHB J.J. Basil
|
0-0: Called Strike 0-1: Ball 1-1: Ball 2-1: Called Strike 2-2: Ball 3-2: Base on Balls
|
Batting: RHB Jordan Wallace
|
0-0: Ball 1-0: Ball 2-0: Ground out U3 (Groundball, 13, EV 92.5 MPH)
|
Top of the 2nd over - 0 runs, 0 hits, 0 errors, 1 left on base; Delmarva 3 - Hickory 0 |
BOTTOM OF THE 2ND |
Hickory Crawdads batting - Pitching for Delmarva Shorebirds : RHP Matt Talaski
|
Batting: RHB Mike Trujillo
|
0-0: Foul Ball, location: 2F 0-1: SINGLE (Groundball, 34D, EV 103.1 MPH)
|
Batting: RHB Antonio Pacheco
|
0-0: 2-RUN HOME RUN (Flyball, 7LD, EV 96.2 MPH), Distance : 363 ft
|
Batting: RHB Darnell Jones
|
0-0: Called Strike 0-1: Swinging Strike 0-2: Foul Ball, location: 2F 0-2: Ball 1-2: Ball 2-2: Fly out, F8 (Flyball, 78D, EV 111.2 MPH)
|
Batting: RHB Dave Brabo
|
0-0: Called Strike 0-1: Foul Ball, location: 2F 0-2: Strikes out swinging
|
Batting: RHB Luke Stark
|
0-0: Called Strike 0-1: Ball 1-1: DOUBLE (Line Drive, 7LS, EV 106.9 MPH)
|
Batting: RHB Tom Beckman
|
0-0: Ball 1-0: Foul Ball, location: 2F 1-1: Foul Ball, location: 2F 1-2: Ground out 4-3 (Groundball, 4S, EV 87.5 MPH)
|
Bottom of the 2nd over - 2 runs, 3 hits, 0 errors, 1 left on base; Delmarva 3 - Hickory 2 |
TOP OF THE 3RD |
Delmarva Shorebirds batting - Pitching for Hickory Crawdads : LHP Logan Benson
|
Batting: RHB Edwin Ramos
|
0-0: Ball 1-0: Ball 2-0: Ball 3-0: Base on Balls
|
Batting: RHB Alex Valencia
|
0-0: Ball 1-0: Ball Wild Pitch! Edwin Ramos to second 2-0: Foul Ball, location: 2F 2-1: Foul Ball, location: 2F 2-2: Ball 3-2: Ground out 5-3 (Groundball, 56, EV 90.0 MPH)
|
Batting: SHB Eric Tiehen
|
0-0: Swinging Strike 0-1: Ball 1-1: Ball 2-1: Foul Ball, location: 2F 2-2: Strikes out swinging
|
Batting: LHB Jose Bethancourt
|
0-0: Ball 1-0: Ball 2-0: SINGLE (Groundball, 56D, EV 100.6 MPH) Edwin Ramos to third
|
Batting: LHB Eric Jackson
|
0-0: Ball 1-0: Foul Ball, location: 2F 1-1: Ball 2-1: Foul Ball, location: 2F 2-2: Strikes out looking
|
Top of the 3rd over - 0 runs, 1 hit, 0 errors, 2 left on base; Delmarva 3 - Hickory 2 |
BOTTOM OF THE 3RD |
Hickory Crawdads batting - Pitching for Delmarva Shorebirds : RHP Matt Talaski
|
Batting: LHB Manuel Arguello
|
0-0: Called Strike 0-1: Ball 1-1: Called Strike 1-2: Ball 2-2: Ball 3-2: SINGLE (Flyball, 6MD, EV 99.4 MPH)
|
Batting: RHB Bernie Varela
|
0-0: Ball 1-0: Called Strike 1-1: Ball 2-1: Foul Ball, location: 9LSF, Error on foul ball, E9 2-2: Ball 3-2: Base on Balls Manuel Arguello to second
|
Batting: RHB Chris Powell
|
0-0: Called Strike 0-1: Ball 1-1: Swinging Strike 1-2: Ball 2-2: Ball 3-2: Base on Balls Manuel Arguello to third Bernie Varela to second
|
Batting: RHB Mike Trujillo
|
0-0: Swinging Strike 0-1: Ball 1-1: Ball 2-1: Ball 3-1: Swinging Strike Passed Ball! Manuel Arguello scores Bernie Varela to third Chris Powell to second 3-2: Foul Ball, location: 2F 3-2: 3-RUN HOME RUN (Flyball, 7LD, EV 95.0 MPH), Distance : 349 ft
|
Pitching: RHP Shane Kruger
|
|
Batting: RHB Antonio Pacheco
|
0-0: Called Strike 0-1: Ground out 1-3 (Groundball, 13S, EV 71.2 MPH)
|
Batting: RHB Darnell Jones
|
0-0: Ball 1-0: Foul Ball, location: 2F 1-1: Fly out, F7 (Flyball, 78S, EV 78.8 MPH)
|
Batting: RHB Dave Brabo
|
0-0: Called Strike 0-1: Foul Ball, location: 2F 0-2: Strikes out looking
|
Bottom of the 3rd over - 4 runs, 2 hits, 1 error, 0 left on base; Delmarva 3 - Hickory 6 |
TOP OF THE 4TH |
Delmarva Shorebirds batting - Pitching for Hickory Crawdads : LHP Logan Benson
|
Batting: LHB Shane Free
|
0-0: SINGLE (Groundball, 56D, EV 103.8 MPH)
|
Batting: SHB Jorge Brito
|
0-0: Ball 1-0: Ball 2-0: Fielders Choice at 2nd, 3-6 (Groundball, 13, EV 88.1 MPH)
|
Batting: RHB J.J. Basil
|
0-0: Called Strike 0-1: Called Strike 0-2: Ball 1-2: Strikes out swinging
|
Batting: RHB Jordan Wallace
|
0-0: Ball 1-0: Swinging Strike 1-1: Ball 2-1: Foul Ball, location: 2F 2-2: Foul Ball, location: 2F 2-2: Ball 3-2: Strikes out swinging
|
Top of the 4th over - 0 runs, 1 hit, 0 errors, 1 left on base; Delmarva 3 - Hickory 6 |
BOTTOM OF THE 4TH |
Hickory Crawdads batting - Pitching for Delmarva Shorebirds : RHP Shane Kruger
|
Batting: RHB Luke Stark
|
0-0: Swinging Strike 0-1: Foul Ball, location: 2F 0-2: Ground out 6-3 (Groundball, 6, EV 90.6 MPH)
|
Batting: RHB Tom Beckman
|
0-0: Ball 1-0: Swinging Strike 1-1: Ball 2-1: Foul Ball, location: 2F 2-2: Ball 3-2: Foul Ball, location: 2F 3-2: SINGLE (Groundball, 4S, EV 68.1 MPH) (infield hit)
|
Batting: LHB Manuel Arguello
|
0-0: Ball 1-0: Called Strike 1-1: Ball 2-1: Ball 3-1: Fly out, F8 (Flyball, 78D, EV 86.2 MPH)
|
Batting: RHB Bernie Varela
|
0-0: Ball 1-0: Called Strike Tom Beckman steals 2nd base 1-1: Foul Ball, location: 2F 1-2: Ball 2-2: Ground out 6-3 (Groundball, 6, EV 110.0 MPH)
|
Bottom of the 4th over - 0 runs, 1 hit, 0 errors, 1 left on base; Delmarva 3 - Hickory 6 |
TOP OF THE 5TH |
Delmarva Shorebirds batting - Pitching for Hickory Crawdads : LHP Logan Benson
|
Batting: RHB Edwin Ramos
|
0-0: Called Strike 0-1: Ball 1-1: Foul Ball, location: 2F 1-2: SINGLE (Line Drive, 9LS, EV 100.0 MPH)
|
Batting: RHB Alex Valencia
|
0-0: Ball 1-0: Ball 2-0: Called Strike 2-1: Swinging Strike 2-2: Strikes out looking
|
Batting: SHB Eric Tiehen
|
0-0: Foul Ball, location: 2F 0-1: DOUBLE (Flyball, 89XD, EV 110.0 MPH) Edwin Ramos to third
|
Batting: LHB Jose Bethancourt
|
0-0: Called Strike 0-1: Ball 1-1: Foul Ball, location: 2F 1-2: Ground out 6-3 (Groundball, 6, EV 108.1 MPH) Edwin Ramos scores
|
Pitching: RHP Steven Costanza
|
|
Batting: LHB Eric Jackson
|
0-0: Ball 1-0: Ground out U3 (Groundball, 3, EV 98.8 MPH)
|
Top of the 5th over - 1 run, 2 hits, 0 errors, 1 left on base; Delmarva 4 - Hickory 6 |
BOTTOM OF THE 5TH |
Hickory Crawdads batting - Pitching for Delmarva Shorebirds : RHP Shane Kruger
|
Batting: RHB Chris Powell
|
0-0: Ground out 6-3 (Groundball, 6, EV 83.1 MPH)
|
Batting: RHB Mike Trujillo
|
0-0: Called Strike 0-1: Called Strike 0-2: Foul Ball, location: 2F 0-2: Strikes out swinging
|
Batting: RHB Antonio Pacheco
|
0-0: Ball 1-0: Called Strike 1-1: SINGLE (Groundball, 56S, EV 96.9 MPH)
|
Batting: RHB Darnell Jones
|
0-0: Called Strike 0-1: Ball 1-1: Called Strike Antonio Pacheco steals 2nd base 1-2: Ball 2-2: Ball 3-2: Foul Ball, location: 2F 3-2: Ground out 5-3 (Groundball, 56, EV 85.6 MPH)
|
Bottom of the 5th over - 0 runs, 1 hit, 0 errors, 1 left on base; Delmarva 4 - Hickory 6 |
TOP OF THE 6TH |
Delmarva Shorebirds batting - Pitching for Hickory Crawdads : RHP Steven Costanza
|
Batting: LHB Shane Free
|
0-0: Ball 1-0: Ball 2-0: Called Strike 2-1: Called Strike 2-2: Ball 3-2: Strikes out swinging
|
Batting: SHB Jorge Brito
|
0-0: Called Strike 0-1: Called Strike 0-2: Foul Ball, location: 2F 0-2: Ball 1-2: Strikes out swinging
|
Batting: RHB J.J. Basil
|
0-0: Ball 1-0: Called Strike 1-1: Called Strike 1-2: Ball 2-2: Ball 3-2: Strikes out swinging
|
Top of the 6th over - 0 runs, 0 hits, 0 errors, 0 left on base; Delmarva 4 - Hickory 6 |
BOTTOM OF THE 6TH |
Hickory Crawdads batting - Pitching for Delmarva Shorebirds : RHP Shane Kruger
|
Pitching: RHP Juan Estrada
|
|
Batting: RHB Dave Brabo
|
0-0: Ball 1-0: Swinging Strike 1-1: Ball 2-1: Ball 3-1: Base on Balls
|
Batting: RHB Luke Stark
|
0-0: Foul Ball, location: 2F 0-1: Ball Dave Brabo is caught stealing 2nd base 2-4 1-1: Swinging Strike 1-2: Ground out 3-1 (Groundball, 34S, EV 85.6 MPH)
|
Batting: RHB Tom Beckman
|
0-0: Ball 1-0: Ground out 5-3 (Groundball, 56, EV 85.6 MPH)
|
Bottom of the 6th over - 0 runs, 0 hits, 0 errors, 0 left on base; Delmarva 4 - Hickory 6 |
TOP OF THE 7TH |
Delmarva Shorebirds batting - Pitching for Hickory Crawdads : RHP Steven Costanza
|
Now at 2B: Alex Vasquez
|
|
Batting: RHB Jordan Wallace
|
0-0: Called Strike 0-1: Ball 1-1: Ball 2-1: Called Strike 2-2: Ball 3-2: Foul Ball, location: 2F 3-2: Base on Balls
|
Batting: RHB Edwin Ramos
|
0-0: DOUBLE (Line Drive, 89D, EV 111.9 MPH) Jordan Wallace to third
|
Batting: RHB Alex Valencia
|
0-0: Ground out 4-3 (Groundball, 4, EV 89.4 MPH) Jordan Wallace scores Edwin Ramos to third
|
Batting: SHB Eric Tiehen
|
0-0: Called Strike 0-1: Swinging Strike 0-2: Ball 1-2: Strikes out swinging
|
Batting: LHB Jose Bethancourt
|
0-0: Foul Ball, location: 2F 0-1: Foul Ball, location: 2F 0-2: Ball 1-2: Foul Ball, location: 2F 1-2: Reached on error, E6 (Groundball, 6S, EV 68.1 MPH) Edwin Ramos scores
|
Batting: LHB Eric Jackson
|
0-0: Ball 1-0: Called Strike 1-1: Called Strike 1-2: Strikes out swinging
|
Top of the 7th over - 2 runs, 1 hit, 1 error, 1 left on base; Delmarva 6 - Hickory 6 |
BOTTOM OF THE 7TH |
Hickory Crawdads batting - Pitching for Delmarva Shorebirds : RHP Juan Estrada
|
Pitching: LHP John Dyer
|
|
Pinch Hitting: RHB Andy Sheridan
|
0-0: Ball 1-0: Fly out, F7 (Flyball, 7LS, EV 82.5 MPH)
|
Batting: RHB Bernie Varela
|
0-0: Ball 1-0: Foul Ball, location: 2F 1-1: Foul Ball, location: 2F 1-2: Fly out, F9 (Flyball, 9LD, EV 106.9 MPH)
|
Batting: RHB Chris Powell
|
0-0: Swinging Strike 0-1: Ball 1-1: Foul Ball, location: 2F 1-2: Strikes out swinging
|
Bottom of the 7th over - 0 runs, 0 hits, 0 errors, 0 left on base; Delmarva 6 - Hickory 6 |
TOP OF THE 8TH |
Delmarva Shorebirds batting - Pitching for Hickory Crawdads : RHP Steven Costanza
|
Pitching: LHP Phil Tippins
|
|
Now in CF: Adryão Anto
|
|
Now in RF: Antonio Pacheco
|
|
Batting: LHB Shane Free
|
0-0: Foul Ball, location: 2F 0-1: Foul Ball, location: 2F 0-2: Ground out 6-3 (Groundball, 6, EV 80.0 MPH)
|
Pitching: LHP Steve Calhoon
|
|
Batting: SHB Jorge Brito
|
0-0: Ball 1-0: Foul Ball, location: 2F 1-1: Swinging Strike 1-2: Foul Ball, location: 2F 1-2: Foul Ball, location: 2F 1-2: Strikes out swinging
|
Batting: RHB J.J. Basil
|
0-0: Swinging Strike 0-1: Ball 1-1: Ball 2-1: Foul Ball, location: 2F 2-2: Foul Ball, location: 2F 2-2: Foul Ball, location: 2F 2-2: Foul Ball, location: 2F 2-2: Strikes out swinging
|
Top of the 8th over - 0 runs, 0 hits, 0 errors, 0 left on base; Delmarva 6 - Hickory 6 |
BOTTOM OF THE 8TH |
Hickory Crawdads batting - Pitching for Delmarva Shorebirds : LHP John Dyer
|
Batting: RHB Mike Trujillo
|
0-0: Foul Ball, location: 2F 0-1: Ball 1-1: Ball 2-1: Ball 3-1: SINGLE (Groundball, 6, EV 109.4 MPH)
|
Batting: RHB Antonio Pacheco
|
0-0: Sac Bunt to 3S - play at first, batter OUT! 3-1 Mike Trujillo to second
|
Batting: RHB Darnell Jones
|
0-0: Ball 1-0: Foul Ball, location: 2F 1-1: Ball 2-1: Ball 3-1: Base on Balls
|
Batting: RHB Dave Brabo
|
0-0: Ball 1-0: Ball 2-0: Called Strike 2-1: Foul Ball, location: 2F 2-2: Strikes out swinging
|
Pinch Hitting: RHB Josh Ferguson
|
0-0: Called Strike 0-1: Called Strike 0-2: SINGLE (Groundball, 56D, EV 99.4 MPH) Mike Trujillo to third Darnell Jones to second
|
Batting: RHB Tom Beckman
|
0-0: Ball 1-0: Ball 2-0: Called Strike 2-1: SINGLE (Flyball, 8RS, EV 88.8 MPH) Mike Trujillo scores Darnell Jones to third Josh Ferguson to second Runner from 3rd tries for Home, SAFE, throw by CF to home
|
Batting: RHB Adryão Anto
|
0-0: Called Strike 0-1: Called Strike 0-2: Hit by Pitch Josh Ferguson to third Tom Beckman to second
|
Batting: RHB Bernie Varela
|
0-0: Called Strike 0-1: Foul Ball, location: 2F 0-2: Strikes out swinging
|
Bottom of the 8th over - 2 runs, 3 hits, 0 errors, 3 left on base; Delmarva 6 - Hickory 8 |
TOP OF THE 9TH |
Delmarva Shorebirds batting - Pitching for Hickory Crawdads : LHP Steve Calhoon
|
Now at 2B: Chance Lamb
|
|
Batting: RHB Jordan Wallace
|
0-0: Called Strike 0-1: Ball 1-1: Swinging Strike 1-2: Strikes out swinging
|
Batting: RHB Edwin Ramos
|
0-0: Ball 1-0: Foul Ball, location: 2F 1-1: Foul Ball, location: 2F 1-2: SINGLE (Line Drive, 3D, EV 95.0 MPH)
|
Batting: RHB Alex Valencia
|
0-0: Swinging Strike 0-1: Ball 1-1: Swinging Strike 1-2: Ball 2-2: Strikes out swinging
|
Batting: SHB Eric Tiehen
|
0-0: Called Strike 0-1: Swinging Strike 0-2: Ball 1-2: Strikes out swinging
|
Top of the 9th over - 0 runs, 1 hit, 0 errors, 1 left on base; Delmarva 6 - Hickory 8 |
|